Map: Pillars of Gold LE

Players

eGGz

  • Race: Zerg Zerg
  • League: Grandmaster
  • Spawn Location: 7:00

Erik - Winner!

  • Race: Zerg Zerg
  • Spawn Location: 1:00

Event: DreamHack SC2 Masters 2020 Winter

VOD

Have the link to the VOD?

Description

Time

  • Played on: Oct. 22, 2020, 4:02 p.m.
  • Length: 12:53

All games in this series

Show
View Real Time Build Order
Export as new Build Order

eGGz Zerg 

Build Orders: Hatch First 

Get SALT Encoding   

  12  0:00  Drone  
  13  0:13  Overlord  
  13  0:18  Drone  
  14  0:32  Drone x2  
  16  0:40  Drone  
  17  0:54  Hatchery  
  16  1:07  Spawning Pool  
  16  1:10  Drone  
  16  1:14  Drone  
  17  1:24  Drone, Extractor  
  17  1:35  Drone  
  17  1:36  Drone  
  19  1:54  Queen  
  19  1:55  Overlord  
  19  1:57  Zergling x2  
  22  2:07  Drone, Queen  
  25  2:08  Drone  
  26  2:16  Drone  
  26  2:20  Drone  
  28  2:31  Drone  
  28  2:35  Metabolic Boost  
  29  2:38  Queen  
  29  2:39  Drone  
  29  2:43  Overlord  
  32  2:48  Drone  
  32  2:51  Drone x2  
  34  3:02  Zergling x2  
  34  3:04  Zergling x2  
  36  3:06  Hatchery  
  36  3:08  Zergling x2  
  36  3:09  Zergling x2  
  37  3:18  Drone x2  
  39  3:26  Drone x2  
  39  3:27  Overlord  
  41  3:28  Drone x2  
  41  3:33  Evolution Chamber  
  42  3:44  Drone x2  
  44  3:49  Zergling x2  
  44  3:50  Zergling x6  
  48  3:59  Zerg Missile Weapons Level 1, Zergling x4  
  48  4:00  Roach Warren, Zergling x4  
  51  4:04  Drone  
  52  4:14  Overlord  
  52  4:15  Drone  
  52  4:17  Extractor x2  
  49  4:30  Zergling x18  
  56  4:38  Zergling x2  
  56  4:43  Roach  
  56  4:44  Roach x2  
  61  4:50  Roach  
  57  4:56  Roach x2  
  61  5:01  Drone  
  61  5:02  Roach  
  64  5:20  Overlord  
  63  5:23  Lair  
  63  5:24  Overlord  
  63  5:25  Overlord  
  63  5:40  Drone  
  63  5:41  Drone  
  63  5:42  Overlord  
  65  5:44  Drone x8  
  71  5:50  Drone  
  71  5:53  Roach  
  71  5:56  Roach  
  71  5:57  Roach x3  
  81  6:00  Drone  
  82  6:05  Roach x3  
  82  6:06  Roach  
  89  6:13  Drone  
  90  6:20  Overlord  
  90  6:22  Zerg Missile Weapons Level 2, Overlord, Glial Reconstitution  
  90  6:23  Overlord  
  90  6:24  Overlord  
  88  6:26  Overseer  
  88  6:32  Overlord  
  88  6:40  Roach x5  
  88  6:45  Roach, Ravager  
  88  6:46  Roach  
  103  6:51  Queen  
  103  6:52  Roach  
  107  6:55  Roach  
  108  7:05  Roach x4  
  103  7:09  Roach  
  103  7:13  Roach x2  
  103  7:15  Drone x4  
  111  7:22  Drone, Spine Crawler  
  111  7:23  Drone, Spore Crawler  
  111  7:25  Ravager  
  111  7:29  Roach x2  
  115  7:36  Roach x2  
  119  7:37  Overlord  
  119  7:42  Roach x2  
  123  7:49  Roach x2  
  123  7:51  Overlord x2  
  127  8:00  Overlord  
  127  8:02  Roach x3  
  127  8:03  Roach  
  127  8:05  Roach x2  
  131  8:10  Roach  
  131  8:13  Drone  
  131  8:14  Drone x3  
  131  8:15  Extractor, Overlord  
  134  8:25  Ravager  
  135  8:29  Ravager  
  135  8:31  Roach  
  138  8:35  Roach  
  140  8:43  Roach x3  
  140  8:48  Roach x2  
  135  8:49  Drone x6  
  135  8:55  Extractor  
  140  8:56  Roach  
  140  8:57  Roach x3  
  140  8:58  Overlord  
  145  9:13  Roach x6  
  157  9:19  Extractor  
  156  9:24  Queen  
  156  9:29  Hatchery  
  156  9:30  Roach x3  
  161  9:32  Ravager  
  161  9:34  Queen  
  166  9:38  Roach x2  
  166  9:43  Hydralisk Den  
  166  9:45  Roach  
  169  9:53  Roach x4  
  169  9:58  Roach x2  
  151  10:09  Roach x5  
  125  10:14  Roach x2  
  105  10:28  Roach x6  
  111  10:33  Queen  
  111  10:34  Hydralisk  
  109  10:39  Hydralisk  
  111  10:43  Spore Crawler  
  111  10:46  Hydralisk x2  
  114  10:50  Hydralisk  
  114  10:56  Hydralisk x2  
  116  11:00  Hydralisk  
  116  11:03  Roach  
  118  11:04  Roach  
  114  11:19  Roach x6  
  114  11:24  Ravager x2  
  114  11:25  Ravager x4  
  132  11:29  Roach x2  
  136  11:34  Roach  
  136  11:35  Roach x2  
  142  11:41  Overlord  
  142  11:42  Overlord  
  142  11:47  Overlord  
  142  11:54  Overlord x3  
  139  12:11  Spore Crawler  
  136  12:19  Roach x8  
  143  12:30  Roach x4  
Show
View Real Time Build Order
Export as new Build Order

Erik Zerg - Winner!

Build Orders: Hatch First 

Get SALT Encoding   

  12  0:00  Drone  
  13  0:08  Drone  
  13  0:14  Extractor  
  13  0:15  Drone  
  15  0:38  Hatchery  
  15  0:42  Extractor  
  13  0:43  Drone  
  13  0:49  Overlord  
  15  1:05  Spawning Pool  
  15  1:08  Drone  
  15  1:12  Drone  
  15  1:16  Drone  
  17  1:19  Drone  
  17  1:21  Extractor  
  17  1:30  Drone  
  18  1:41  Drone  
  19  1:51  Drone, Queen  
  19  1:52  Queen  
  24  1:55  Drone  
  24  2:01  Drone  
  26  2:05  Overlord  
  26  2:12  Drone  
  26  2:13  Drone  
  28  2:23  Drone  
  28  2:24  Drone  
  28  2:29  Queen  
  32  2:35  Evolution Chamber  
  31  2:39  Overlord  
  31  2:41  Drone  
  31  2:44  Drone  
  33  2:45  Drone  
  34  2:56  Drone x2  
  36  2:59  Drone x2  
  36  3:01  Zerg Ground Armor Level 1  
  36  3:03  Drone  
  36  3:05  Drone  
  40  3:08  Drone  
  41  3:16  Drone  
  42  3:20  Metabolic Boost  
  42  3:21  Overlord  
  42  3:23  Overlord  
  42  3:24  Drone  
  42  3:25  Extractor  
  42  3:31  Roach Warren  
  41  3:34  Drone x2  
  41  3:40  Drone  
  44  3:53  Zergling x8  
  48  3:58  Hatchery, Zergling x6  
  48  4:00  Zergling x2  
  51  4:05  Evolution Chamber, Zergling x2  
  51  4:15  Zergling x12  
  57  4:20  Extractor  
  57  4:22  Lair  
  56  4:28  Overlord  
  56  4:29  Overlord  
  51  4:47  Drone x2  
  51  4:49  Drone x3  
  55  4:54  Drone x2  
  55  4:55  Drone  
  55  4:57  Zerg Missile Weapons Level 1  
  58  5:06  Roach x4  
  66  5:10  Roach x2  
  66  5:11  Roach  
  67  5:21  Overlord  
  67  5:22  Spine Crawler  
  67  5:23  Spine Crawler  
  65  5:33  Glial Reconstitution  
  67  5:43  Roach x4  
  67  5:49  Roach  
  74  5:55  Overlord  
  74  5:56  Pneumatized Carapace  
  74  5:57  Overseer  
  71  6:06  Overlord x2  
  71  6:14  Roach x6  
  81  6:23  Overlord x2  
  81  6:24  Queen  
  83  6:26  Roach  
  83  6:27  Roach x3  
  91  6:37  Roach x3  
  97  6:46  Drone x4  
  97  6:47  Drone x3  
  104  6:55  Roach x3  
  99  7:09  Drone x7  
  104  7:20  Drone x3  
  107  7:23  Extractor  
  107  7:29  Roach x3  
  112  7:40  Extractor, Spire  
  110  7:47  Roach x4  
  110  7:49  Overlord  
  110  7:50  Overlord x3  
  112  8:09  Roach  
  112  8:10  Roach x8  
  126  8:21  Roach x7  
  140  8:29  Ravager x2  
  140  8:30  Ravager  
  140  8:33  Extractor  
  142  8:38  Roach x2  
  142  8:39  Overlord  
  142  8:40  Overlord  
  136  8:49  Overlord x2  
  136  9:02  Mutalisk x4  
  136  9:08  Mutalisk  
  146  9:17  Mutalisk x2  
  148  9:30  Mutalisk x2  
  152  9:37  Drone x5  
  152  9:38  Drone x6  
  161  9:45  Roach  
  165  9:49  Ravager x2  
  165  9:52  Hatchery  
  166  9:54  Roach x2  
  166  9:55  Overlord  
  166  9:56  Overlord  
  156  10:10  Overlord x2  
  156  10:14  Roach x4  
  141  10:22  Queen  
  141  10:23  Roach x4  
  153  10:35  Roach  
  153  10:36  Roach x2  
  155  10:53  Extractor  
  155  10:56  Extractor  
  149  10:58  Roach x8  
  149  10:59  Roach x4  
  159  11:24  Roach  
  159  11:25  Roach x11  
  183  11:33  Mutalisk x5  
  183  11:39  Overlord  
  193  11:41  Hydralisk Den  
  193  11:42  Infestation Pit  
  189  12:19  Roach x5  
  199  12:27  Lurker Den  
Tags
 
Add a new tag
Caveats
  • Supply blocks, unpowered buildings, or Contaminate may cause inaccurate times.
  • Supply counts are checked every 10 seconds.